AoeStats
← Mehaverage

Black Forest

508615640Analyzed
3v3 RM · 10d ago on Sep 23, 2026· 43m 48s· 6 players
Game mode
Random Map
Map size
Normal (6 player)
Population
200
Speed
Normal
Resources
Standard
Victory
Conquest
Starting age
Dark Age
Ending age
Imperial Age
RankedLock teamsTeams togetherTeam positionsShared explorationLock speedFull tech treeHidden civsTurbo modeCheats
Victory
Defeat
🇹🇷 Turks · Türkiye
989
+12
🇬🇧 Cumans · United Kingdom
930
+14
🇳🇱 Burgundians · Netherlands
894
+16
🇨🇿 Franks · Czechia
898
-14
🇩🇪 Khmer · Germany
897
-14
🇳🇱 Turks · Netherlands
891
-14
Mehaverage
1:11 Loom
13:06 Feudal Age
15:05 Fletching
23:19 Castle Age
25:26 Scale Barding Armor
25:31 Forging
30:29 Wheelbarrow
32:22 Horse Collar
32:33 Double-Bit Axe
33:25 Stone Mining
33:26 Gold Mining
39:56 Imperial Age
38:43 Chain Barding Armor
38:59 Iron Casting
39:23 Hand Cart
40:02 Bloodlines
39:13 Light Cavalry
41:15 Conscription
40:26 Cavalier
41:45 Plate Barding Armor
42:11 Blast Furnace
41:54 Paladin
Graund
1:43 Loom
11:34 Feudal Age
15:44 Castle Age
13:50 Double-Bit Axe
14:34 Stone Mining
15:31 Horse Collar
21:31 Gold Mining
22:26 Heavy Plow
24:22 Bow Saw
26:21 Wheelbarrow
30:57 Imperial Age
29:30 Hand Cart
29:30 Fletching
30:01 Fortified Wall
32:02 Thumb Ring
33:17 Conscription
32:26 Elite Janissary
33:10 Bodkin Arrow
33:43 Bombard Tower
33:44 Ballistics
35:12 Bracer
35:42 Scale Barding Armor
35:56 Husbandry
36:08 Bloodlines
40:04 Chain Barding Armor
42:48 Plate Barding Armor
42:24 Forging
Jeurus2
2:43 Loom
9:23 Wheelbarrow
12:10 Feudal Age
13:06 Double-Bit Axe
13:58 Horse Collar
20:00 Castle Age
19:32 Scale Barding Armor
19:40 Forging
21:47 Bow Saw
21:41 Heavy Plow
21:24 Cavalier
22:05 Husbandry
25:10 Chain Barding Armor
25:44 Hand Cart
25:46 Town Watch
29:27 Two-Man Saw
34:09 Imperial Age
33:55 Iron Casting
34:56 Paladin
36:41 Blast Furnace
38:14 Gold Mining
38:15 Stone Mining
39:05 Crop Rotation
38:31 Onager
Örfdemadafaka
0:27 Loom
14:17 Feudal Age
18:17 Castle Age
16:45 Double-Bit Axe
18:20 Horse Collar
19:40 Wheelbarrow
18:51 Town Watch
19:25 Heavy Plow
25:12 Forging
25:09 Scale Barding Armor
28:14 Hand Cart
30:22 Husbandry
31:46 Caravan
31:54 Town Watch
31:51 Pikeman
34:20 Town Patrol
38:47 Imperial Age
36:59 Coinage
39:06 Halberdier
39:22 Cavalier
WaterfietsXL
0:59 Loom
14:54 Feudal Age
18:34 Double-Bit Axe
24:04 Castle Age
25:56 Bow Saw
34:48 Horse Collar
39:25 Gold Mining
42:49 Imperial Age
42:41 Heavy Plow
Nohy Enjoyer
11:33 Feudal Age
16:50 Castle Age
15:49 Stone Mining
20:41 Loom
23:02 Elite Skirmisher
34:52 Double-Bit Axe
38:28 Bow Saw
39:16 Wheelbarrow
Connection lost

Rejoining the realm…

Still unreachable

The connection could not be restored.

Session expired

The server has moved on; the page needs a fresh start.